[Event "Titled Tuesday Blitz April 26 Early 2022"]
[White "Paravyan, David"]
[Black "Asavasaetakul, Chawit"]
[WhiteFideId "4194985"]
[BlackFideId "6204856"]
[WhiteElo "2569"]
[BlackElo "1697"]
[Result "1-0"]
[Round "03"]
[TimeControl "180+1"]
[Date "2022.04.26"]
[WhiteClock "0:00:11"]
[BlackClock "0:00:27"]

1. e4 d5 2. exd5 Nf6 3. d4 Bg4 4. f3 Bf5 5. g4 Bg6 6. c4 e6 7. dxe6 Nc6 8. exf7+ Kxf7 9. Be3 Bb4+ 10. Kf2 Re8 11. c5 Rxe3 12. Bc4+ Kf8 13. Kxe3 Bc2 14. Qxc2 Qxd4+ 15. Ke2 Re8+ 16. Kf1 Re1+ 17. Kg2 Nxg4 18. fxg4 Qxg4+ 19. Kf2 Qf4+ 20. Kg2 Qg4+ 21. Kf2 Rxg1 22. Rxg1 Bxc5+ 23. Ke1 Qxg1+ 24. Bf1 Qe3+ 25. Kd1 Nb4 26. Qf5+ Ke7 27. Nd2 g6 28. Qe4+ Qxe4 29. Nxe4 Bd4 30. Rc1 c6 31. Rc4 1-0


[Site "https://www.chess.com"]

[Event "Titled Tuesday Blitz April 26 Early 2022"]
[White "Pesotskiy, Mikhail"]
[Black "Gatterer, Florian"]
[WhiteFideId "34164453"]
[BlackFideId "811688"]
[WhiteElo "2010"]
[BlackElo "2218"]
[Result "1-0"]
[Round "03"]
[TimeControl "180+1"]
[Date "2022.04.26"]
[WhiteClock "0:02:20"]
[BlackClock "0:00:38"]

1. d4 Nf6 2. c4 g6 3. Nc3 Bg7 4. e4 d6 5. f3 O-O 6. Be3 c5 7. dxc5 dxc5 8. Qxd8 Rxd8 9. Bxc5 Nc6 10. Nge2 a5 11. a3 Be6 12. Nd5 Rac8 13. Bb6 Rd7 14. Nec3 Ne5 15. b3 Bxd5 16. exd5 Nh5 17. Bxa5 b6 18. Bb4 Nf4 19. Rd1 e6 20. g3 Nxf3+ 21. Kf2 exd5 22. Kxf3 d4 23. gxf4 dxc3 24. Rxd7 c2 25. Bh3 1-0


[Site "https://www.chess.com"]

[Event "Titled Tuesday Blitz April 26 Early 2022"]
[White "Pham, Le Thao Nguyen"]
[Black "Fernandez Siles, Luis"]
[WhiteFideId "12401226"]
[BlackFideId "2209420"]
[WhiteElo "2271"]
[BlackElo "2212"]
[Result "0-1"]
[Round "03"]
[TimeControl "180+1"]
[Date "2022.04.26"]
[WhiteClock "0:00:06"]
[BlackClock "0:00:11"]

1. d4 Nf6 2. Nf3 g6 3. g3 Bg7 4. Bg2 O-O 5. O-O d6 6. c3 Nbd7 7. Nbd2 e5 8. e4 c6 9. Re1 a5 10. h3 a4 11. Qc2 Re8 12. Nc4 Qe7 13. dxe5 Nxe5 14. Nfxe5 dxe5 15. Be3 Nd7 16. Rad1 b5 17. Nd6 Rd8 18. a3 Qe6 19. Nxc8 Raxc8 20. Kh2 Bf8 21. h4 Qe7 22. Bh3 Rb8 23. Kg2 h6 24. Rd2 Nf6 25. Red1 Rxd2 26. Rxd2 Rd8 27. f3 h5 28. Qd1 Rxd2+ 29. Qxd2 Qd6 30. Qf2 Kh7 31. Qd2 Qxd2+ 32. Bxd2 Bh6 33. Bg5 Bg7 34. Kf2 c5 35. Bc8 Ne8 36. Bd7 Nd6 37. Be7 Nc4 38. Bxc5 Nxb2 39. Bb4 Kg8 40. Bxb5 Bf8 41. c4 Bxb4 42. axb4 a3 43. c5 a2 44. c6 a1=Q 45. c7 Qc1 0-1


[Site "https://www.chess.com"]

[Event "Titled Tuesday Blitz April 26 Early 2022"]
[White "Pires, Marcos Vinicius Torsani"]
[Black "Sargsyan, Anna M."]
[WhiteFideId "2118939"]
[BlackFideId "13308130"]
[WhiteElo "2273"]
[BlackElo "2271"]
[Result "1-0"]
[Round "03"]
[TimeControl "180+1"]
[Date "2022.04.26"]
[WhiteClock "0:02:26"]
[BlackClock "0:01:55"]

1. d4 d5 2. Bf4 Nf6 3. e3 Bf5 4. c4 e6 5. Nc3 c6 6. Nf3 Nbd7 7. Qb3 Qb6 8. c5 Qxb3 9. axb3 a6 10. b4 Ne4 11. b5 cxb5 12. Bxb5 O-O-O 13. Rxa6 1-0


[Site "https://www.chess.com"]

[Event "Titled Tuesday Blitz April 26 Early 2022"]
[White "Plotnikov, Pavel"]
[Black "Seifert, Henryk"]
[WhiteFideId "4170342"]
[BlackFideId "1100963"]
[WhiteElo "2298"]
[BlackElo "2120"]
[Result "1/2-1/2"]
[Round "03"]
[TimeControl "180+1"]
[Date "2022.04.26"]
[WhiteClock "0:00:06"]
[BlackClock "0:00:22"]

1. e4 e6 2. d4 d5 3. Nd2 c5 4. exd5 exd5 5. Ngf3 Nc6 6. Bb5 Bd6 7. O-O cxd4 8. Nxd4 Bxh2+ 9. Kxh2 Qh4+ 10. Kg1 Qxd4 11. Qe2+ Ne7 12. Nf3 Qe4 13. Bxc6+ Nxc6 14. Re1 Qxe2 15. Rxe2+ Kf8 16. Bf4 Be6 17. Rae1 Ke7 18. c3 h6 19. Be5 Nxe5 20. Rxe5 Kd6 21. Nd4 Bd7 22. Nf5+ Bxf5 23. Rxf5 Rhf8 24. Rd1 Rad8 25. Rfxd5+ Kc7 26. f4 Rxd5 27. Rxd5 Rd8 28. Rxd8 Kxd8 29. Kf2 f5 30. Ke3 Ke7 31. Kd4 Kd6 32. c4 b6 33. b4 g5 34. c5+ bxc5+ 35. bxc5+ Ke6 36. fxg5 hxg5 37. c6 Kd6 38. c7 Kxc7 39. Ke5 f4 40. Kf5 Kd6 41. Kxg5 Ke5 42. Kg4 Ke4 43. Kg5 Ke5 44. Kg4 Ke4 45. Kg5 Ke5 1/2-1/2


[Site "https://www.chess.com"]

[Event "Titled Tuesday Blitz April 26 Early 2022"]
[White "Przybylski, Wojciech"]
[Black "Starozhilov, Leonid"]
[WhiteFideId "1117599"]
[BlackFideId "14106752"]
[WhiteElo "2133"]
[BlackElo "2414"]
[Result "0-1"]
[Round "03"]
[TimeControl "180+1"]
[Date "2022.04.26"]
[WhiteClock "0:00:03"]
[BlackClock "0:00:07"]

1. d4 Nf6 2. c4 g6 3. Nc3 Bg7 4. h3 d5 5. Nf3 c5 6. e3 cxd4 7. Nxd4 O-O 8. Be2 Nc6 9. Nxc6 bxc6 10. O-O Rb8 11. Bf3 Ba6 12. Be2 Bxc4 13. Bxc4 dxc4 14. Qa4 Nd5 15. Qxc4 Nxc3 16. bxc3 Qd5 17. Qxd5 cxd5 18. Ba3 Rfe8 19. Rac1 Rbc8 20. Rfd1 e6 21. Rd3 Rc4 22. Rc2 Rec8 23. Bb2 Ra4 24. Bc1 Rb8 25. Kf1 Rb1 26. Ke2 Ra1 27. Rdd2 Bf6 28. f3 Kg7 29. Kd3 Rb1 30. Rf2 Rb7 31. Rb2 Rc7 32. Rfc2 h5 33. Rb3 Rac4 34. Bd2 e5 35. Be1 e4+ 36. Ke2 a6 37. Ra3 R7c6 38. Ra5 R4c5 39. Rxc5 Rxc5 40. Bd2 Rc4 41. f4 a5 42. Kd1 g5 43. fxg5 Bxg5 44. Rb2 Bf6 45. Rb5 Bxc3 46. Rxd5 Bxd2 47. Rxd2 Rc3 48. Ke2 Ra3 49. Kf2 f5 50. Rb2 h4 51. Re2 Kg6 52. g3 Kg5 53. gxh4+ Kxh4 54. Kg2 Rd3 55. Rf2 Kg5 56. Re2 a4 57. Kf2 a3 58. Kg2 Rc3 59. Kf2 Kh4 60. Kg2 Rc1 61. Rf2 Kg5 62. Rd2 Rb1 63. Rd8 Rb2+ 64. Kg3 Rxa2 65. Rg8+ Kf6 66. Rf8+ Ke6 67. Re8+ Kf7 68. Ra8 Ra1 69. Kf4 Rf1+ 70. Ke5 f4 0-1


[Site "https://www.chess.com"]

[Event "Titled Tuesday Blitz April 26 Early 2022"]
[White "Redor, Menandro"]
[Black "Khamdamova, Afruza"]
[WhiteFideId "5222010"]
[BlackFideId "14210444"]
[WhiteElo "1986"]
[BlackElo "1660"]
[Result "0-1"]
[Round "03"]
[TimeControl "180+1"]
[Date "2022.04.26"]
[WhiteClock "0:01:57"]
[BlackClock "0:02:01"]

1. d4 Nf6 2. Bf4 b6 3. Nd2 Bb7 4. Ngf3 g6 5. c4 Bg7 6. Qc2 c5 7. d5 d6 8. e4 O-O 9. Bd3 e6 10. dxe6 fxe6 11. e5 dxe5 12. Bxe5 Nc6 13. a3 Nxe5 14. Nxe5 Nd7 15. Nxd7 Qxd7 16. O-O Rad8 17. Be4 Qxd2 18. Qxd2 Rxd2 19. Bxb7 Rxb2 20. Rae1 Bd4 21. Rxe6 Rfxf2 22. Rxf2 Rb1+ 23. Re1 Rxe1# 0-1


[Site "https://www.chess.com"]

[Event "Titled Tuesday Blitz April 26 Early 2022"]
[White "Rengifo Blancas, Renzo Jhonathan"]
[Black "Hua, Lefong"]
[WhiteFideId "3807185"]
[BlackFideId "2602253"]
[WhiteElo "2058"]
[BlackElo "2606"]
[Result "0-1"]
[Round "03"]
[TimeControl "180+1"]
[Date "2022.04.26"]
[WhiteClock "0:00:03"]
[BlackClock "0:00:19"]

1. d4 Nf6 2. c4 g6 3. g3 Bg7 4. Bg2 O-O 5. Nf3 d6 6. O-O Nc6 7. Nc3 a6 8. b3 Rb8 9. Nd5 b5 10. cxb5 axb5 11. Nxf6+ Bxf6 12. Bb2 b4 13. Rc1 Na5 14. Qc2 c6 15. e4 Bg7 16. Nd2 Ba6 17. Rfe1 Qb6 18. e5 d5 19. Qc5 Qxc5 20. Rxc5 Bb5 21. Bf1 Nb7 22. Rc2 Ra8 23. Bxb5 cxb5 24. Ba1 Rfc8 25. Rec1 Rxc2 26. Rxc2 e6 27. f4 Kf8 28. Nf3 Ke8 29. Ne1 Bf8 30. Nd3 Nd8 31. Kf2 Kd7 32. Ke2 Nc6 33. Ke3 h5 34. h4 Be7 35. Nc1 Kc7 36. Nd3 Kb7 37. Nc1 Bd8 38. Ne2 Bb6 39. Kd2 Ra3 40. Kc1 Ra8 41. Kb1 Ne7 42. Rd2 Nf5 43. Rd3 Rc8 44. Bb2 Ka6 45. Bc1 Ne7 46. Bd2 Nc6 47. Be1 Kb7 48. Rd1 Rf8 49. Kc2 f6 50. Kd3 fxe5 51. dxe5 Ra8 52. Rd2 Ne7 53. Rc2 Nc6 54. Rc1 Rxa2 55. Rc2 Ra3 56. Rb2 Bc5 57. Rb1 Kb6 58. Bd2 Na5 59. Kc2 Nc6 60. Bc1 Ra2+ 61. Rb2 Ra8 62. Kd3 Ne7 63. Bd2 Nf5 64. Rb1 Ra3 65. Be1 Ra2 66. Rd1 Rxe2 0-1


[Site "https://www.chess.com"]

[Event "Titled Tuesday Blitz April 26 Early 2022"]
[White "Rodrigues, Bruno Morado"]
[Black "Brodowski, Piotr"]
[WhiteFideId "2115654"]
[BlackFideId "1124480"]
[WhiteElo "2040"]
[BlackElo "2422"]
[Result "1-0"]
[Round "03"]
[TimeControl "180+1"]
[Date "2022.04.26"]
[WhiteClock "0:00:33"]
[BlackClock "0:00:01"]

1. d4 Nf6 2. Nc3 c5 3. Bg5 cxd4 4. Qxd4 Nc6 5. Qa4 e6 6. O-O-O a6 7. Nf3 Be7 8. e4 Qc7 9. e5 Ng8 10. Ne4 b5 11. Bxb5 f6 12. Bxc6 Qxc6 13. Qxc6 dxc6 14. Bf4 g5 15. exf6 Nxf6 16. Nxf6+ Bxf6 17. Bxg5 Bxg5+ 18. Nxg5 Rg8 19. Nxh7 Rxg2 20. f4 c5 21. Ng5 Ke7 22. h4 Bb7 23. Rhe1 Bc8 24. f5 Ra7 25. Nxe6 Kf6 26. Nxc5 Bxf5 27. Rd2 Rg4 28. Rd6+ Kg7 29. Rd5 Bh7 30. Rg5+ Rxg5 31. hxg5 Kg6 32. Re6+ Kxg5 33. Rxa6 Re7 34. b4 Re1+ 35. Kd2 Rg1 36. Nd3 Rg2+ 37. Kc3 Bg8 38. b5 Rg4 39. b6 Rc4+ 40. Kd2 Rc6 41. b7 Rxa6 42. b8=Q Bd5 43. Qe5+ Kg4 44. Qxd5 Rf6 45. Qe4+ Kh3 46. Nf4+ 1-0


[Site "https://www.chess.com"]

[Event "Titled Tuesday Blitz April 26 Early 2022"]
[White "Rozman, Levy"]
[Black "Buchenau, Frank"]
[WhiteFideId "2039877"]
[BlackFideId "4604350"]
[WhiteElo "2376"]
[BlackElo "2193"]
[Result "1-0"]
[Round "03"]
[TimeControl "180+1"]
[Date "2022.04.26"]
[WhiteClock "0:00:02"]
[BlackClock "0:00:06"]

1. d4 e6 2. Nf3 Nf6 3. Bg5 c5 4. e3 Be7 5. Nbd2 b6 6. Nc4 d5 7. Nce5 O-O 8. c3 Bb7 9. Bd3 Ne4 10. Bxe7 Qxe7 11. Nd2 f6 12. Nef3 Nd7 13. O-O e5 14. dxc5 Ndxc5 15. Bc2 Rad8 16. a4 Ba6 17. Re1 Nd3 18. Bxd3 Bxd3 19. a5 b5 20. a6 Kh8 21. Nf1 Nc5 22. Ng3 Be4 23. Nd2 Bg6 24. Nf3 b4 25. cxb4 Nd3 26. Re2 Qxb4 27. b3 Rb8 28. h4 h5 29. Ne1 Qxb3 30. Qd2 Nb4 31. e4 Rfd8 32. Re3 Qc4 33. Rc1 Qxa6 34. exd5 Rxd5 35. Qb2 Nc6 36. Qc3 Nd4 37. Kh2 Rbd8 38. Qc7 R5d7 39. Qc3 Qb6 40. Nf3 Nxf3+ 41. Rxf3 a5 42. Nf5 Bxf5 43. Rxf5 g6 44. Rf3 Rd4 45. g3 Rd2 46. Kg2 a4 47. Qc4 Qd4 48. Qf7 Qe4 49. Qxf6+ Kh7 50. Qf7+ Kh6 51. Kh2 R8d7 52. Qf8+ Kh7 53. Rc8 1-0


[Site "https://www.chess.com"]

[Event "Titled Tuesday Blitz April 26 Early 2022"]
[White "Rustemov, Alexander"]
[Black "Lach, Aleksandra"]
[WhiteFideId "4119002"]
[BlackFideId "1134299"]
[WhiteElo "2853"]
[BlackElo "2172"]
[Result "1-0"]
[Round "03"]
[TimeControl "180+1"]
[Date "2022.04.26"]
[WhiteClock "0:00:04"]
[BlackClock "0:00:04"]

1. d4 f5 2. g3 Nf6 3. Bg2 g6 4. Nf3 Bg7 5. O-O O-O 6. c4 d6 7. Nc3 c6 8. Qc2 Na6 9. Rb1 Nb4 10. Qd1 a5 11. a3 Na6 12. Qc2 Qc7 13. b4 axb4 14. axb4 Qd8 15. b5 cxb5 16. Nxb5 Kh8 17. Bb2 d5 18. Ne5 Be6 19. Rfc1 Rc8 20. c5 Bd7 21. Ba3 Bc6 22. Na7 Rc7 23. Rb6 Nb8 24. Rcb1 Nfd7 25. f4 Bxe5 26. dxe5 e6 27. Qb3 Na6 28. Qc3 Re8 29. e3 Nxb6 30. cxb6 Rd7 31. Nxc6 bxc6 32. Qxc6 Nb8 33. Qb5 Qc8 34. Bc5 Qb7 35. Bf1 Rc8 36. Bd4 Nc6 37. Bc5 Rb8 38. Qa6 Qxa6 39. Bxa6 Na5 40. Bd6 Ra8 41. b7 Nxb7 42. Bxb7 Ra2 43. Bc8 Rd8 44. Bxe6 Re2 45. Bxd5 Rxe3 46. Kf2 Rd3 47. Rb2 Rxd5 48. Be7 Re8 49. Bf6+ Kg8 50. Rb7 Rd2+ 51. Ke3 Rxh2 52. Rg7+ Kf8 53. Ra7 Rh3 54. Kf2 Rc8 55. Kg2 Rh5 56. e6 Re8 57. Ra6 h6 58. Rd6 g5 59. g4 fxg4 60. f5 Rh3 61. Rd7 Re3 62. Rh7 R3xe6 63. fxe6 Rxe6 64. Bd4 Rg6 65. Kg3 Kg8 66. Rh8+ Kf7 67. Kxg4 Rd6 68. Rh7+ Kg6 69. Rg7# 1-0


[Site "https://www.chess.com"]

[Event "Titled Tuesday Blitz April 26 Early 2022"]
[White "Safarli, Eltaj"]
[Black "Solovchuk, Oleksiy"]
[WhiteFideId "13402129"]
[BlackFideId "14115220"]
[WhiteElo "2634"]
[BlackElo "2305"]
[Result "1-0"]
[Round "03"]
[TimeControl "180+1"]
[Date "2022.04.26"]
[WhiteClock "0:01:56"]
[BlackClock "0:00:13"]

1. e4 e5 2. Nf3 Nc6 3. Nc3 Nf6 4. a3 d6 5. d4 Be7 6. Bb5 Bd7 7. O-O exd4 8. Nxd4 O-O 9. Re1 Re8 10. Bxc6 bxc6 11. Qf3 Qc8 12. Bg5 c5 13. Nde2 Rb8 14. b3 h6 15. Bh4 Bg4 16. Qd3 Bxe2 17. Rxe2 Qg4 18. Bg3 Qg6 19. Rae1 Nd7 20. Nd5 Bd8 21. Qa6 Nb6 22. Nf4 Qg4 23. a4 Qc8 24. Qd3 Bf6 25. a5 Nd7 26. Nd5 Be5 27. Bxe5 Nxe5 28. Qg3 Re6 29. f4 c6 30. fxe5 cxd5 31. exd5 Rg6 32. Qf3 dxe5 33. Rxe5 Qa6 34. Re8+ Rxe8 35. Rxe8+ Kh7 36. Qxf7 Rg5 37. Qg8+ 1-0


[Site "https://www.chess.com"]

[Event "Titled Tuesday Blitz April 26 Early 2022"]
[White "Sailer, Mike"]
[Black "Rom, Jasper"]
[WhiteFideId "2012901"]
[BlackFideId "2023733"]
[WhiteElo "2109"]
[BlackElo "2233"]
[Result "1-0"]
[Round "03"]
[TimeControl "180+1"]
[Date "2022.04.26"]
[WhiteClock "0:00:14"]
[BlackClock "0:00:03"]

1. Nf3 d5 2. d4 e6 3. Bf4 Bd6 4. Bg3 Nf6 5. e3 Ne4 6. Nbd2 f5 7. Bxd6 cxd6 8. Nxe4 fxe4 9. Nd2 O-O 10. Be2 Qg5 11. O-O e5 12. g3 Bh3 13. Re1 exd4 14. exd4 Qf6 15. f4 Qxd4+ 16. Kh1 Nc6 17. c3 Qf6 18. Nf1 Be6 19. Ne3 Ne7 20. Nc2 Rac8 21. Nd4 Bh3 22. Qb3 g5 23. fxg5 Qxg5 24. Qxb7 Rf2 25. Bf1 Bg4 26. Bg2 Rcf8 27. Rf1 e3 28. Rae1 Rxf1+ 29. Rxf1 Rxf1+ 30. Bxf1 Qf6 31. Qa6 Qf2 32. Qd3 Nf5 33. Nxf5 Qxf5 34. Qxe3 Bf3+ 35. Kg1 Be4 36. Be2 Kg7 37. Qf4 Qxf4 38. gxf4 Kf6 39. Kf2 Kf5 40. Ke3 Bb1 41. a3 h6 42. Bf3 Ba2 43. Be2 Bb3 44. Bd3+ Kf6 45. Kd4 Ba2 46. Be2 Bb3 47. Bg4 Ba2 48. Bh3 Bb3 49. Bg2 Ba2 50. Bxd5 Bb1 51. Be4 Ba2 52. Bd3 Bb3 53. Bc4 Bc2 54. Kd5 Kf5 55. Kxd6 Kxf4 56. b3 Kf3 57. Be6 h5 58. b4 h4 59. c4 Kg2 60. h3 Kg3 61. c5 Be4 62. c6 Bg2 63. c7 Bxh3 64. Bxh3 Kxh3 65. c8=Q+ Kg3 66. Qc3+ Kg2 67. Qd2+ Kg1 68. Qe1+ Kg2 69. Qxh4 1-0


[Site "https://www.chess.com"]

[Event "Titled Tuesday Blitz April 26 Early 2022"]
[White "Salimova, Nurgyul"]
[Black "Chernomordik, Pavel"]
[WhiteFideId "2915138"]
[BlackFideId "2804530"]
[WhiteElo "2185"]
[BlackElo "2220"]
[Result "0-1"]
[Round "03"]
[TimeControl "180+1"]
[Date "2022.04.26"]
[WhiteClock "0:00:04"]
[BlackClock "0:00:11"]

1. d4 g6 2. h4 Nf6 3. c4 Bg7 4. Nc3 d6 5. e4 c6 6. Be2 h5 7. Nh3 a6 8. Ng5 b5 9. e5 dxe5 10. dxe5 Qxd1+ 11. Nxd1 Ng4 12. e6 Bxe6 13. Nxe6 fxe6 14. a4 b4 15. a5 Nd7 16. Ra4 Rb8 17. Bxg4 hxg4 18. Be3 Rh5 19. Ke2 c5 20. b3 Bd4 21. Ra2 Ne5 22. Rd2 Nc6 23. Ra2 Rd8 24. Nb2 Re5 25. Nd3 Re4 26. h5 Kf7 27. hxg6+ Kxg6 28. Nf4+ Kg7 29. Nh5+ Kf7 30. Ng3 Re5 31. Rh7+ Kg6 32. Rh4 Bxe3 33. fxe3 Nd4+ 34. Kf2 Rf8+ 35. Kg1 Rxe3 36. Rxg4+ Kf7 37. Rf2+ Ke8 38. Rxf8+ Kxf8 39. Ne4 Nxb3 40. Ng5 Nxa5 41. Kf2 Re5 42. Nh7+ Ke8 43. Rg8+ Kd7 44. Nf8+ Kc7 45. g4 b3 46. Rh8 b2 47. Rh1 Nxc4 48. Ng6 Rg5 49. Nf4 Rxg4 50. Nxe6+ Kd6 51. Nd8 Na3 52. Nb7+ Kc6 53. Nd8+ Kb5 0-1


[Site "https://www.chess.com"]

[Event "Titled Tuesday Blitz April 26 Early 2022"]
[White "Samunenkov, Ihor"]
[Black "Kozak, Adam"]
[WhiteFideId "14187086"]
[BlackFideId "753246"]
[WhiteElo "2409"]
[BlackElo "2459"]
[Result "0-1"]
[Round "03"]
[TimeControl "180+1"]
[Date "2022.04.26"]
[WhiteClock "0:00:02"]
[BlackClock "0:00:07"]

1. d4 Nf6 2. c4 e6 3. Nc3 d5 4. cxd5 Nxd5 5. e4 Nxc3 6. bxc3 c5 7. Nf3 cxd4 8. cxd4 Bb4+ 9. Bd2 Bxd2+ 10. Qxd2 O-O 11. Bc4 b6 12. O-O Ba6 13. Bxa6 Nxa6 14. Ne5 Rc8 15. Rac1 Qe7 16. Qe3 h6 17. a3 Nb8 18. h3 Qb7 19. Rxc8 Rxc8 20. Rc1 Nd7 21. Nxd7 Qxd7 22. Rxc8+ Qxc8 23. d5 Qd7 24. Qd4 Qd6 25. a4 Kf8 26. Qc4 exd5 27. exd5 Ke7 28. Qe4+ Kd8 29. Qf5 Qf6 30. Qe4 Kd7 31. Qc4 Qa1+ 32. Kh2 Qe5+ 33. g3 Qf6 34. Kg2 g6 35. Qa6 Kd6 36. Qxa7 Kxd5 37. a5 bxa5 38. Qxa5+ Kc4 39. Qa4+ Kc5 40. Qa5+ Kd6 41. Qb6+ Ke7 42. Qc7+ Kf8 43. Qc8+ Kg7 44. Qc4 h5 45. h4 Qe5 46. Qd3 Kf6 47. Qf3+ Ke6 48. Qc6+ Ke7 49. Qb7+ Ke6 50. Qc6+ Qd6 51. Qe4+ Kd7 52. Qb7+ Ke8 53. Qa8+ Ke7 54. Qe4+ Qe6 55. Qb7+ Kf6 56. Qf3+ Kg7 57. Qc3+ Qf6 58. Qc4 Qe5 59. Qd3 Kf6 60. Qf3+ Qf5 61. Qc6+ Ke7 62. Qb7+ Ke8 63. Qa8+ Kd7 64. Qb7+ Kd6 65. Qb6+ Ke7 66. Qb7+ Kf6 67. Qc6+ Qe6 68. Qf3+ Kg7 69. Qc3+ Kh7 70. Qf3 Qd7 71. Qe4 Qd6 72. Qf3 Qe6 73. Qb7 Qc4 74. Qf3 Kg7 75. Qb7 Kf6 76. Qb6+ Ke5 77. Qb8+ Ke6 78. Qb6+ Kf5 79. Qd6 Qe4+ 80. Kg1 Kg4 81. Qd7+ Qf5 82. Qd1+ Qf3 83. Qd7+ f5 84. Qb5 Qe4 85. Qf1 f4 86. Qd1+ Kh3 87. Qd7+ Qf5 88. Qd1 fxg3 89. fxg3 Kxg3 90. Qe1+ Kg4 91. Qb4+ Qf4 92. Qe7 Qg3+ 93. Kf1 Qf3+ 94. Kg1 Qg3+ 95. Kf1 Qf4+ 96. Kg1 Kh3 97. Qa3+ Qg3+ 98. Kh1 Qxa3 0-1


[Site "https://www.chess.com"]

[Event "Titled Tuesday Blitz April 26 Early 2022"]
[White "Sanal, Vahap"]
[Black "Tristan, Leonardo"]
[WhiteFideId "6300545"]
[BlackFideId "113816"]
[WhiteElo "2603"]
[BlackElo "2404"]
[Result "1-0"]
[Round "03"]
[TimeControl "180+1"]
[Date "2022.04.26"]
[WhiteClock "0:00:23"]
[BlackClock "0:00:07"]

1. e4 d5 2. exd5 Qxd5 3. Nc3 Qa5 4. d4 Nf6 5. Bc4 Bg4 6. Nf3 Nc6 7. h3 Bxf3 8. Qxf3 O-O-O 9. d5 Nb4 10. O-O Nxc2 11. Qf5+ e6 12. Qxc2 exd5 13. Qf5+ Kb8 14. Bg5 c6 15. Bxf6 gxf6 16. Bd3 Bd6 17. Qxf6 Qc7 18. Rac1 Qb6 19. Rc2 Rhe8 20. Re2 Rg8 21. Bxh7 Rh8 22. Bb1 Bc7 23. a3 Rdg8 24. Bf5 Bd8 25. Qxf7 Rf8 26. Qd7 Bf6 27. g3 a5 28. h4 Bxh4 29. gxh4 Rfg8+ 30. Bg4 Qd4 31. Re4 Qf6 32. Re7 Rxg4+ 33. Qxg4 Qxe7 34. Ne2 Rxh4 35. Qg8+ Ka7 36. Ng3 Qf6 37. Re1 Qxb2 38. Qd8 Rh8 39. Qxa5+ Kb8 40. Qb4 Qxb4 41. axb4 Rh4 42. b5 cxb5 43. Rf1 Rf4 44. Ne2 Rg4+ 45. Kh2 b4 46. f4 Kc7 47. Rb1 Kc6 48. Rxb4 Rg7 49. Kh3 Kc5 50. Rb1 Re7 51. Ng3 d4 52. Kg4 d3 53. Kf3 Kd4 54. Nf5+ Kc3 55. Nxe7 Kc2 56. Rxb7 d2 57. Rd7 d1=Q+ 58. Rxd1 Kxd1 59. f5 1-0


[Site "https://www.chess.com"]

[Event "Titled Tuesday Blitz April 26 Early 2022"]
[White "Sanchez, Robert"]
[Black "Antonio, Jorge Carlos"]
[WhiteFideId "2034360"]
[BlackFideId "113190"]
[WhiteElo "2398"]
[BlackElo "2247"]
[Result "1-0"]
[Round "03"]
[TimeControl "180+1"]
[Date "2022.04.26"]
[WhiteClock "0:02:45"]
[BlackClock "0:02:14"]

1. e4 c5 2. Nf3 e6 3. d4 cxd4 4. Nxd4 Nc6 5. Nc3 Bb4 6. Nb5 d6 7. a3 Bxc3+ 8. bxc3 Ke7 9. a4 a6 10. Nxd6 Qxd6 11. Ba3 1-0


[Site "https://www.chess.com"]

[Event "Titled Tuesday Blitz April 26 Early 2022"]
[White "Sargissyan, Sargis"]
[Black "Halvax, Georg"]
[WhiteFideId "13303210"]
[BlackFideId "1619543"]
[WhiteElo "2174"]
[BlackElo "2403"]
[Result "1-0"]
[Round "03"]
[TimeControl "180+1"]
[Date "2022.04.26"]
[WhiteClock "0:00:16"]
[BlackClock "0:01:07"]

1. e4 c5 2. Nf3 Nc6 3. d4 cxd4 4. Nxd4 Nf6 5. Nc3 e6 6. Ndb5 Bc5 7. Bf4 O-O 8. Bc7 Qe7 9. Bd6 Bxd6 10. Qxd6 Ne8 11. Qxe7 Nxe7 12. O-O-O f5 13. e5 Ng6 14. Re1 a6 15. Nd4 b5 16. a3 Bb7 17. h4 f4 18. h5 Ne7 19. f3 Rc8 20. Bd3 Rc5 21. h6 g6 22. Ne4 Bxe4 23. Rxe4 Nc7 24. Rh4 Ncd5 25. Ne2 g5 26. Rh5 Rf5 27. Nd4 Kf7 28. Nxf5 exf5 29. Re2 Kg6 30. Rh1 Ne3 31. g3 Rxe5 32. gxf4 gxf4 33. Rg1+ Kf6 34. Rg7 d5 35. Rxh7 d4 36. Rg7 Ng6 37. Re1 Re8 38. Rg1 Nh4 39. h7 Rh8 40. Ra7 Nxf3 41. Rg8 Rxh7 42. Rxh7 Ng5 43. Rh6+ Kf7 44. Rxg5 f3 45. Bxf5 f2 46. Bd3 Nd5 47. Rxd5 1-0


[Site "https://www.chess.com"]

[Event "Titled Tuesday Blitz April 26 Early 2022"]
[White "Seemann, Jakub"]
[Black "Prohorov, Olexandr"]
[WhiteFideId "21874697"]
[BlackFideId "14105578"]
[WhiteElo "2003"]
[BlackElo "1993"]
[Result "1-0"]
[Round "03"]
[TimeControl "180+1"]
[Date "2022.04.26"]
[WhiteClock "0:00:07"]
[BlackClock "0:00:11"]

1. Nf3 Nf6 2. g3 g6 3. Bg2 Bg7 4. O-O O-O 5. b3 d6 6. d4 a5 7. a4 c6 8. Bb2 Bf5 9. Nbd2 Qd7 10. Re1 Bh3 11. Bh1 d5 12. Ne5 Qc8 13. c4 Nbd7 14. Rc1 e6 15. e4 dxe4 16. Nxe4 Nxe4 17. Bxe4 Bf5 18. Bxf5 gxf5 19. d5 exd5 20. cxd5 Re8 21. Nc4 Rxe1+ 22. Qxe1 Bxb2 23. Nxb2 Nf6 24. dxc6 bxc6 25. Qe5 Nd5 26. Nc4 Qe6 27. Qxe6 fxe6 28. Ne5 Rb8 29. Rxc6 Rxb3 30. Rxe6 Ra3 31. h4 Rxa4 32. h5 Ra1+ 33. Kg2 a4 34. h6 Kf8 35. Rd6 Rd1 36. Rd7 Nf4+ 37. gxf4 Rxd7 38. Nxd7+ Ke8 39. Nc5 a3 40. Nb3 a2 41. Na1 Kf7 42. Kf3 Kg6 43. Kg3 Kh5 44. f3 Kg6 45. Kh3 Kh5 46. Nc2 Kg6 47. Kh4 Kxh6 48. Na1 Kg6 49. Nb3 Kh6 50. Kg3 Kg6 51. Kf2 Kh6 52. Ke3 Kg6 53. Kd2 h5 54. Ke2 Kh6 55. Kf2 Kg6 56. Kg3 Kh6 57. Na1 Kg6 58. Nc2 Kh7 59. Kf2 Kh6 60. Ke3 Kg6 61. Kd4 h4 62. Ke3 Kh5 63. Kf2 Kh6 64. Kg2 Kg6 65. Kh3 Kh5 66. Na1 Kg6 67. Kxh4 Kh6 68. Kg3 Kg6 69. Kf2 Kh5 70. Ke3 Kh4 71. Kd4 Kg3 72. Ke5 Kxf3 73. Kxf5 Ke2 74. Ke4 Kd2 75. f5 Kc1 76. f6 Kb1 77. f7 Kb2 78. f8=Q Kxa1 79. Kd3 Kb2 80. Qb4+ Kc1 81. Qc3+ Kb1 82. Qc2+ Ka1 83. Qc1# 1-0


[Site "https://www.chess.com"]

[Event "Titled Tuesday Blitz April 26 Early 2022"]
[White "Shtyka, Sergey"]
[Black "Jaracz, Pawel"]
[WhiteFideId "4138465"]
[BlackFideId "1102222"]
[WhiteElo "2014"]
[BlackElo "2429"]
[Result "0-1"]
[Round "03"]
[TimeControl "180+1"]
[Date "2022.04.26"]
[WhiteClock "0:00:03"]
[BlackClock "0:00:19"]

1. e4 c5 2. Nf3 Nc6 3. d4 cxd4 4. Nxd4 Nf6 5. Nc3 e5 6. Ndb5 d6 7. Bg5 a6 8. Na3 b5 9. Bxf6 gxf6 10. Nd5 Bg7 11. c3 f5 12. exf5 Bxf5 13. Nc2 O-O 14. Nce3 Be6 15. Bd3 f5 16. Qh5 e4 17. Bc2 Ne5 18. Nf4 Bd7 19. Rd1 Be8 20. Qh3 Qf6 21. Bb3+ Kh8 22. Ne6 Rf7 23. Nxg7 Rxg7 24. Qxf5 Qxf5 25. Nxf5 Rxg2 26. Kf1 Rg5 27. Nxd6 Bh5 28. Rd5 Bf3 29. Rg1 Rxg1+ 30. Kxg1 Nd3 31. Rg5 h6 32. Rg3 Ne5 33. h4 Rd8 34. Nf7+ Nxf7 35. Rxf3 exf3 36. Bxf7 Rd2 37. Kh2 Rxf2+ 38. Kg3 Rxb2 39. Kxf3 Rc2 0-1


[Site "https://www.chess.com"]

[Event "Titled Tuesday Blitz April 26 Early 2022"]
[White "Sihite, Chelsie Monica Ignesias"]
[Black "De Souza, Cristiano Gomes"]
[WhiteFideId "7101198"]
[BlackFideId "2151758"]
[WhiteElo "2224"]
[BlackElo "2068"]
[Result "1-0"]
[Round "03"]
[TimeControl "180+1"]
[Date "2022.04.26"]
[WhiteClock "0:02:38"]
[BlackClock "0:02:19"]

1. c4 Nf6 2. g3 g6 3. Bg2 Bg7 4. Nf3 O-O 5. O-O d6 6. b3 e5 7. Nc3 Nc6 8. Bb2 b6 9. d3 Bb7 10. Nd2 Na5 11. b4 Bxg2 12. Kxg2 Nb7 13. a4 a5 14. b5 Nc5 15. Nce4 Nfxe4 16. Nxe4 Nxe4 17. dxe4 f5 18. Qd5+ Kh8 19. Rad1 f4 20. g4 f3+ 21. exf3 Qh4 22. Rd3 Bh6 23. Bc1 Bxc1 24. Rxc1 Rae8 25. c5 bxc5 26. b6 h5 27. h3 hxg4 28. hxg4 Kg7 29. Rh1 Qg5 30. bxc7 Rf6 31. Qc6 Rc8 32. Qd7+ 1-0


[Site "https://www.chess.com"]